 Dungeon Crawl Stone Soup version 0.27.1-33-g824d729ab1 (webtiles) character file.

Game seed: 11243586376391266365

459 sking99 the Ruffian (level 6, -5/62 HPs)
             Began as a Troll Monk on Dec 8, 2021.
             Was a Believer of Zin.
             Slain by a gnoll sergeant (11 damage)
             ... on level 4 of the Dungeon.
             The game lasted 00:09:18 (2837 turns).

sking99 the Ruffian (Troll Monk)                    Turns: 2837, Time: 00:09:18

Health: -5/62      AC:  4    Str: 22    XL:     6   Next: 78%
Magic:  15/15      EV: 10    Int:  6    God:    Zin [**....]
Gold:   44         SH:  0    Dex: 12    Spells: 6/6 levels left

rFire    . . .     SeeInvis .     - Unarmed
rCold    + . .     Faith    .   (no shield)
rNeg     . . .     Spirit   .   a - +0 robe
rPois    .         Reflect  .   (helmet restricted)
rElec    .         Harm     .   (no cloak)
rCorr    .         Rampage  .   (gloves unavailable)
Will     .....                  (boots unavailable)
Stlth    ++........             (no amulet)
HPRegen  1.20/turn              i - ring of protection from cold
MPRegen  0.14/turn              h - ring of magical power

@: no status effects
A: large, unfitting armour, claws 3, regeneration 1, shaggy fur 1, tough skin 1
a: Renounce Religion, Recite, Vitalisation, Donate Gold


You were on level 4 of the Dungeon.
You worshipped Zin.
Zin was pleased with you.
You visited 1 branch of the dungeon, and saw 4 of its levels.

You collected 48 gold pieces.
You donated 4 gold pieces to Zin.

Inventory:

Armour
 a - a +0 robe (worn)
Jewellery
 h - a ring of magical power (right claw)
 i - a ring of protection from cold (left claw)
Wands
 k - a wand of iceblast (8)
 m - a wand of flame (14)
Scrolls
 c - a scroll of identify {unknown}
 d - a scroll of vulnerability {unknown}
 f - a scroll of fear {unknown}
 j - a scroll of enchant armour {unknown}
 l - a scroll of noise {unknown}
Potions
 b - a potion of magic {unknown}
 e - a potion of might {unknown}
 g - a potion of invisibility {unknown}
 n - a potion of attraction {unknown}


   Skills:
 + Level 4.0 Fighting
 - Level 2.4 Dodging
 - Level 1.0 Stealth
 * Level 6.2 Unarmed Combat
 - Level 0.8 Spellcasting
 + Level 1.2 Invocations


You had 6 spell levels left.
You didn't know any spells.
Your spell library contained the following spells:

 Spells                   Type           Power      Damage    Failure   Level
 Call Canine Familiar     Summ           0%         N/A       80%         3
 Portal Projectile        Hex/Tloc       0%         N/A       80%         3
 Leda's Liquefaction      Hex/Erth       0%         N/A       99%         4


Dungeon Overview and Level Annotations

Branches:
Dungeon (4/15)             Temple (0/1) D:4

Altars:
Kikubaaqudgha
Sif Muna
Zin


Innate Abilities, Weirdness & Mutations

You are too large for most types of armour.
You have claws for hands.
Your natural rate of healing is unusually fast.
You are covered in fur. (AC +1)
You have tough skin. (AC +1)


Message History

There is an open door here.
A gnoll is nearby!
The gnoll shouts!
The gnoll sergeant shouts!
The gnoll hits you from afar with a +0 spear.
The gnoll sergeant hits you from afar with a +0 trident!
The gnoll closely misses you.
You claw the gnoll!
The gnoll is heavily wounded.
The gnoll sergeant closely misses you. The gnoll hits you but does no damage.
You barely miss the gnoll.
The gnoll is heavily wounded.
The gnoll sergeant hits you from afar with a +0 trident.
The gnoll hits you with a +0 spear!
You scratch the gnoll. Your claw misses the gnoll.
The gnoll is severely wounded.
The gnoll sergeant hits you from afar with a +0 trident!
The gnoll hits you with a +0 spear.
You are too injured to fight recklessly!
You are too injured to fight recklessly!
You scratch the gnoll.
You kill the gnoll!
The gnoll sergeant hits you from afar with a +0 trident!
* * * LOW HITPOINT WARNING * * *
Your Fighting skill increases to level 4!
Unknown command.
The gnoll sergeant hits you from afar with a +0 trident!
* * * LOW HITPOINT WARNING * * *
The gnoll sergeant hits you with a +0 trident!
* * * LOW HITPOINT WARNING * * *
You scratch the gnoll sergeant but do no damage.
The gnoll sergeant misses you.
You claw the gnoll sergeant!
The gnoll sergeant is heavily wounded.
The gnoll sergeant hits you with a +0 trident!
Zin protects you from harm!
You scratch the gnoll sergeant.
The gnoll sergeant is almost dead.
The gnoll sergeant hits you with a +0 trident!
You die...

##.## #....#...#....
#8.8# ##..##...##...
##.## ##..##'######'
##.## #.............
#8.8# #.............
##.## ##..##........
#'# #####...###..
#.#####...####'###..
#).@g)....#......#..
########..##.....#..
#..###### #### ## #.


You could see a gnoll sergeant.

Vanquished Creatures
  Grinder (D:2)
  An ogre (D:4)
  A water moccasin skeleton (D:4)
  2 gnolls
  A howler monkey skeleton (D:4)
  4 adders
  2 dart slugs (D:1)
  6 orcs (D:3)
  6 ball pythons
  5 endoplasms
  4 giant cockroaches
  6 goblins
  9 hobgoblins
  2 jackals (D:1)
  4 kobolds
  2 quokkas (D:3)
  5 bats
  2 frilled lizards
  3 rats
66 creatures vanquished.

Notes
Turn   | Place    | Note
-------+----------+-------------------------------------------
     0 | D:1      | sking99 the Troll Monk began the quest for the Orb.
     0 | D:1      | Reached XP level 1. HP: 22/22 MP: 0/0
   101 | D:1      | Reached XP level 2. HP: 29/29 MP: 1/1
   370 | D:1      | Reached XP level 3. HP: 36/36 MP: 2/2
   756 | D:2      | Reached skill level 4 in Unarmed Combat
   823 | D:2      | Reached XP level 4. HP: 44/44 MP: 4/4
  1007 | D:2      | Found a faded altar of an unknown god.
  1306 | D:3      | Noticed Grinder
  1435 | D:3      | Found a shimmering blue altar of Sif Muna.
  1445 | D:3      | Found an ancient bone altar of Kikubaaqudgha.
  1799 | D:3      | Paralysed by Grinder for 5 turns
  1808 | D:3      | Paralysed by Grinder for 5 turns
  1850 | D:2      | Killed Grinder
  1851 | D:2      | Reached skill level 5 in Unarmed Combat
  1851 | D:2      | Reached XP level 5. HP: 45/54 MP: 5/5
  1851 | D:2      | Reached XP level 6. HP: 52/62 MP: 6/6
  2086 | D:3      | Found a glowing silver altar of Zin.
  2186 | D:3      | Became a worshipper of Zin the Law-Giver
  2186 | D:3      | Reached * piety under Zin
  2186 | D:3      | Reached ** piety under Zin
  2388 | D:4      | Reached skill level 6 in Unarmed Combat
  2388 | D:4      | Reached skill level 1 in Invocations
  2653 | D:4      | Found a staircase to the Ecumenical Temple.
  2834 | D:4      | HP: 3/62 [gnoll sergeant (12)]
  2836 | D:4      | Zin protects you from harm!
  2837 | D:4      | Slain by a gnoll sergeant

Illustrated notes

Levels and vault maps discovered:
D:1:      minmay_arrival_pointy, layout_rooms, corexii_leaking_fountain
D:2:      layout_loops_ring, chequers_ecumenical_altar_lobes,
          chequers_mini_garden, minmay_goblin_kobold_house
D:3:      layout_loops_ring, mainiacjoe_overflow_large_starburst, zin_treasury,
          uniq_grinder
D:4:      layout_gridville, trog_book, temple_statues, dk_noncrumbling_2,
          minmay_puff

Skill      XL: |  1  2  3  4  5  6 |
---------------+-------------------+-----
Unarmed Combat | 4 5 6 |  6.2
Fighting       | 3 4 |  4.0
Invocations    | 1 |  1.2
Dodging        | |  2.4
Stealth        | |  1.0
Spellcasting   | |  0.8

Action                   |  1- 3 |  4- 6 || total
-------------------------+-------+-------++-------
Melee: Unarmed           |    82 |   116 ||   198
       Punch             |       |     5 ||     5
Invok: Recite            |       |     4 ||     4
  Use: Potion            |       |     1 ||     1
 Stab: Sleeping          |     1 |     2 ||     3
Armor: Robe              |    25 |    24 ||    49
Dodge: Dodged            |    39 |    58 ||    97
